 Dungeon Crawl Stone Soup version 0.19-a0-1553-g64c24c3 (webtiles) character file.

735085 Ijustatesigmund the Slayer (level 27, 0/261 (264) HPs)
             Began as a Hill Orc Fighter on Sept 8, 2016.
             Was the Champion of Cheibriados.
             Slain by an eldritch tentacle (16 damage)
             ... called by the effects of Hell
             ... on level 4 of the Iron City of Dis on Sept 14, 2016.
             The game lasted 06:15:02 (77019 turns).

Ijustatesigmund the Slayer (Hill Orc Fighter)      Turns: 77019, Time: 06:15:03

HP:   0/261 (264)   AC: 26    Str: 48 (49) XL:     27
MP:   38/38         EV: 31    Int: 32 (35) God:    Cheibriados [******]
Gold: 2451          SH: 29    Dex: 34 (41) Spells: 11 memorised, 6 levels left

rFire  . . .     SeeInvis .     U - +11 broad axe "Hirchaph" {venom, Str+2}
rCold  + . .     Gourm    .     l - +5 faerie dragon armour {rN+ Str+2}
rNeg   + + .     Faith    .     S - +5 shield of Pandemonium {Str+4 Int+3}
rPois  +         Spirit   .     J - +0 helmet "Cemubu" {Regen+ Str+3 Stlth+}
rElec  +         Dismiss  .     V - +2 cloak {rPois}
rCorr  .         Reflect  +     L - +2 pair of gloves {Dex+3}
MR     ++...     Harm     .     N - +0 pair of boots "Deopue" {+Blink Slay+2}
Stlth  +++++.....               B - amulet of Such {Reflect MP+9 Dex+7 SH+4 Stlth-}
                                E - ring of Aharuigue {rC+ Int+8 Slay+2}
                                x - ring of the Turtledove {rElec rN+}

@: about to teleport, very slow
A: repulsion field 1, clumsy 1, low mp 2
a: Bend Time, Temporal Distortion, Slouch, Step From Time, Renounce Religion,
Evoke Blink
}: 4/15 runes: decaying, slimy, silver, gossamer


You were on level 4 of the Iron City of Dis.
You worshipped Cheibriados.
Cheibriados was exalted by your worship.
You were not hungry.

You visited 13 branches of the dungeon, and saw 62 of its levels.
You visited 1 ziggurat, and saw 11 of its levels.
You also visited: Labyrinth, Ice Cave, Volcano and Desolation.

You collected 7787 gold pieces.
You spent 5336 gold pieces at shops.

Inventory:

Hand Weapons
 U - the +11 broad axe "Hirchaph" (weapon) {venom, Str+2}
   (You took it off a spriggan air mage on level 2 of the Depths)

   It poisons the flesh of those it strikes.
   It affects your strength (+2).
Missiles
 T - 3 javelins of penetration (quivered)
Armour
 k - the +0 shadow dragon armour of Jesiqoif {Dex+4 Stlth++++}
   (You took it off a servant of whispers in the Desolation of Salt)

   It affects your dexterity (+4).
   It makes you much more stealthy.
 l - the +5 faerie dragon armour (worn) {rN+ Str+2}
   (You took it off the Enchantress on level 1 of the Depths)

   It affects your strength (+2).
   It protects you from negative energy.
 J - the +0 helmet "Cemubu" (worn) {Regen+ Str+3 Stlth+}
   (You found it on level 5 of the Pits of Slime)

   It affects your strength (+3).
   It increases your rate of regeneration.
   It makes you more stealthy.
 L - a +2 pair of gloves of dexterity (worn)
 N - the +0 pair of boots "Deopue" (worn) {+Blink Slay+2}
   (You found it on level 3 of the Elven Halls)

   It affects your accuracy and damage with ranged weapons and melee attacks
   (+2).
   It lets you blink.
 S - the +5 shield of Pandemonium (worn) {Str+4 Int+3}
   (You found it on level 6 of the Lair of Beasts)

   It affects your strength (+4).
   It affects your intelligence (+3).
 V - a +2 cloak of poison resistance (worn)
Jewellery
 o - a +6 ring of protection
 q - the ring "Baxiphoj" {rPois rF+ MR+}
   (You found it on level 3 of a ziggurat)

   [ring of protection from magic]

   It protects you from fire.
   It protects you from poison.
   It affects your resistance to hostile enchantments.
 w - the ring of Birdsong {Ice rPois Str-3 SInv}
   (You found it on level 7 of Cocytus)

   [ring of ice]

   It enhances your ice magic.
   It affects your strength (-3).
   It makes you vulnerable to fire.
   It protects you from cold.
   It protects you from poison.
   It lets you see invisible.
 x - the ring of the Turtledove (left hand) {rElec rN+}
   (You found it on level 1 of the Elven Halls)

   [ring of positive energy]

   It insulates you from electricity.
   It protects you from negative energy.
 B - the amulet of Such (around neck) {Reflect MP+9 Dex+7 SH+4 Stlth-}
   (You found it in the Desolation of Salt)

   [amulet of reflection]

   It shields you and reflects attacks.
   It affects your dexterity (+7).
   It affects your magic capacity (+9).
   It affects your SH (+4).
   It makes you less stealthy.
 C - an uncursed ring of resist corrosion
 E - the ring of Aharuigue (right hand) {rC+ Int+8 Slay+2}
   (You found it in the Desolation of Salt)

   [ring of slaying]

   It affects your intelligence (+8).
   It affects your accuracy and damage with ranged weapons and melee attacks
   (+2).
   It protects you from cold.
 O - the ring "Woashiur" {rN+ Str+4}
   (You took it off a deep elf archer on level 3 of the Elven Halls)

   [ring of positive energy]

   It affects your strength (+4).
   It protects you from negative energy.
 P - the ring of Qeivaw {rC++ Int-5 SInv}
   (You found it in the Desolation of Salt)

   [ring of see invisible]

   It affects your intelligence (-5).
   It greatly protects you from cold.
   It lets you see invisible.
 W - an uncursed ring of positive energy
Wands
 t - a wand of heal wounds (0/9)
 v - a wand of polymorph (7/24)
 y - a wand of digging (16/24)
 D - a wand of digging (14/24)
 F - a wand of teleportation (7/9)
 H - a wand of iceblast (1/15)
 K - a wand of teleportation (2/9)
Scrolls
 c - 4 scrolls of magic mapping
 d - 30 scrolls of remove curse
 e - 2 scrolls of brand weapon
 n - a scroll of fog
 u - 7 scrolls of identify
 z - a scroll of enchant armour
 I - 5 scrolls of fear
 X - a scroll of blinking
Potions
 a - a potion of curing
 h - a potion of resistance
 j - 4 potions of magic
 r - 3 potions of cure mutation
 s - 4 potions of flight
 A - 4 potions of mutation
 G - 10 potions of ambrosia
 M - 2 potions of brilliance
 R - 2 potions of cancellation
Comestibles
 f - 25 bread rations
 p - 25 meat rations


   Skills:
 - Level 24.8 Fighting
 - Level 24.2 Axes
 - Level 9.0 Throwing
 - Level 16.2 Armour
 - Level 13.1 Dodging
 - Level 10.6 Stealth
 - Level 17.4 Shields
 + Level 6.6 Spellcasting
 + Level 11.6 Conjurations
 - Level 8.5 Hexes
 - Level 7.6 Summonings
 - Level 8.3 Translocations
 - Level 8.8 Transmutations
 + Level 10.2 Fire Magic
 * Level 11.1 Ice Magic
 + Level 8.4 Air Magic
 + Level 7.5 Earth Magic
 - Level 8.1 Poison Magic
 - Level 19.5 Invocations
 - Level 9.6 Evocations


You had 6 spell levels left.
You knew the following spells:

 Your Spells              Type           Power        Failure   Level  Hunger
a - Summon Butterflies    Summ           ######..     1%          1    None
b - Passwall              Tmut/Erth      ######....   1%          2    None
c - Summon Guardian Gole  Hex/Summ       ######..     1%          3    None
d - Dazzling Spray        Conj/Hex       ######       1%          3    None
e - Bolt of Magma         Conj/Fire/Erth ######....   2%          5    ####...
f - Fulminant Prism       Conj/Hex       ######....   1%          4    ##.....
g - Apportation           Tloc           ######....   1%          1    None
h - Blink                 Tloc           N/A          1%          2    None
i - Mephitic Cloud        Conj/Pois/Air  ######..     1%          3    None
j - Ignite Poison         Fire/Tmut/Pois ######..     1%          3    None
k - Freezing Cloud        Conj/Ice/Air   ######....   12%         6    ######.


Dungeon Overview and Level Annotations

Branches:
Dungeon (15/15)            Temple (1/1) D:4            Lair (6/6) D:11
  Swamp (4/4) Lair:3       Spider (4/4) Lair:3        Slime (5/5) Lair:5
    Orc (2/2) D:11            Elf (3/3) Orc:2        Vaults (5/5) D:13
  Crypt (0/3) Vaults:2     Depths (5/5) D:15           Hell (1/1)
    Dis (4/7) Hell            Geh (0/7) Hell            Coc (7/7) Hell
    Tar (0/7) Hell            Zot (0/5) Depths:5

Altars:
Ashenzari
Cheibriados
Dithmenos
Elyvilon
Fedhas
Gozag
Hepliaklqana
Kikubaaqudgha
Makhleb
Nemelex Xobeh
Okawaru
Qazlal
Ru
Sif Muna
Trog
Uskayaw
Vehumet
Xom
Yredelemnul
Zin
The Shining One
Beogh
Jiyva

Shops:
D:5 *   Orc:2 !((!   Elf:1 [   Elf:3 [   Vaults:1 *   Vaults:2 (   Vaults:4 [:[
Depths:3 !

Portals:
Hell: Depths:1 Depths:2 Depths:3 Depths:4 Depths:5
Abyss: Depths:3 Depths:4 Depths:5
Pandemonium: Depths:3 Depths:4

Annotations:
Lair:2 exclusion: ice statue
Coc:7 exclusion: 2 ice statues, Antaeus


Innate Abilities, Weirdness & Mutations

You are surrounded by a mild repulsion field. (EV +2)
You are clumsy. (Dex -2)
Your magical capacity is very low. (-20% MP)


Message History

The tormentor gestures at you. You resist with almost no effort.
The tormentor calls on the powers of darkness!
Your body is wracked with pain!
* * * LOW HITPOINT WARNING * * *
Evoke which item? (* to show all) (? for menu, Esc to quit)
Zapping:
K - a wand of teleportation (3/9)
Press: ? - help, Shift-Dir - straight line, f - you You feel strangely unstable.
This wand has 2 charges left.
The eldritch tentacle slaps you!!
* * * LOW HITPOINT WARNING * * *
The eldritch tentacle freezes you! You resist.
* * * LOW HITPOINT WARNING * * *
You block the eldritch tentacle's attack.
You block the rust devil's attack.
You block the eldritch tentacle's attack.
The eldritch tentacle claws you!
* * * LOW HITPOINT WARNING * * *
You are engulfed in flames!
You die...

.............#
.............# ...#
.............# ...#
.............# ...#
.............# ...#
.......>.....# ...#
.............# ...
.............####4###...
................@.......
.................w*.....
..............2.5.......
.............2..........
########................
#.......######...
#.......# ... #.......#
.. .......


You could see an eldritch tentacle, a rust devil, 2 tormentors and an iron imp.

Vanquished Creatures
  the Royal Jelly (Slime:5)
  2 juggernauts
  An ancient lich (Depths:4)
  Sojobo (Vaults:4)
  The ghost of Slobodan the Imperceptible, a master KoAs of Ru (Depths:4)
  A greater mummy (Zig:2)
  Boris (twice) (Vaults:3 Vaults:5)
  9 shard shrikes
  Saint Roka (Vaults:1)
  Geryon (Hell)
  Jory (Depths:5)
  2 golden dragons
  Nikola (Spider:1)
  the Enchantress (Depths:1)
  3 bone dragons
  Arachne (Spider:4)
  A Tzitzimitl (Dis:3)
  The ghost of 4thArraOfDagon the Brawler, an adept TrIE of Qazlal (Slime:5)
  2 iron giants
  A hellephant (Hell)
  Jorgrun (Vaults:1)
  4 tentacled monstrosities
  A Hell Sentinel (Coc:7)
  10 Ice Fiends
  The ghost of Nattefrost the Bludgeoner, an adept OgBe of Trog (Swamp:4)
  Asterion (Vaults:1)
  A deep elf master archer (Elf:3)
  4 liches
  A titan (shapeshifter) (Vaults:5)
  3 titans
  2 quicksilver dragons
  3 deep elf blademasters (Elf:3)
  An acid blob (shapeshifter) (Depths:5)
  21 acid blobs
  4 ancient champions
  2 Executioners
  Frances (Swamp:2)
  4 eldritch tentacles
  5 sphinxes
  12 tengu reavers
  3 shadow dragons
  A thorn hunter (Zig:7)
  5 storm dragons
  13 azure jellies
  3 draconian monks
  13 fire giants
  Donald (Vaults:1)
  A draconian knight (Zig:5)
  Roxanne (Spider:1)
  16 frost giants
  The ghost of Charly the Eclecticist, a journeyman DEFE of Sif Muna (Spider:3)
  A draconian scorcher (Zig:4)
  3 balrugs
  9 deep elf sorcerers
  Aizul (Elf:1)
  4 imperial myrmidons (Desolation)
  5 iron dragons
  An orc warlord (Vaults:3)
  6 ghost moths
  A ghost moth (shapeshifter) (Zig:9)
  2 cacodemons (Dis:3)
  21 vault wardens
  6 deep elf elementalists
  6 emperor scorpions
  2 draconian zealots (Depths:5)
  32 reapers
  22 very ugly things
  20 ironheart preservers
  An elemental wellspring (Coc:7)
  5 spriggan defenders
  4 entropy weavers
  A vampire knight (Depths:4)
  3 draconian callers (Depths:5)
  25 stone giants
  5 war gargoyles
  4 lorocyprocas
  A dire elephant (Zig:8)
  2 black draconians (Depths:5)
  7 deep elf annihilators
  4 deep elf demonologists
  A yellow draconian (Zig:5)
  4 halazid warlocks (Desolation)
  A purple draconian (Zig:4)
  6 spark wasps
  A green draconian (Zig:4)
  15 ettins
  6 deep elf death magi
  8 ragged hierophants (Desolation)
  6 death oozes
  11 blizzard demons
  3 red draconians
  2 green deaths
  A minotaur (Lab)
  11 fire dragons
  2 quicksilver dragon zombies
  19 yaktaur captains
  2 jiangshi (Depths:2)
  4 deep elf high priests (Elf:3)
  A great orb of eyes (shapeshifter) (Vaults:3)
  7 rakshasas
  14 great orbs of eyes
  27 ice dragons
  10 ogre magi
  3 spriggan air magi
  18 hydras
  11 servants of whispers (Desolation)
  Fannar (Orc:1)
  34 vault guards
  3 quicksilver dragon skeletons
  13 peacekeepers
  2 ghost crabs
  3 catoblepae
  4 death knights
  12 centaur warriors
  A merfolk avatar (Lair:6)
  36 dancing weapons
  6 alligators
  2 tengu warriors
  10 deep troll shamans
  16 deep troll earth magi
  2 titan zombies (Dis:3)
  A hell hog (shapeshifter) (Depths:2)
  4 vampire magi
  6 orc high priests
  A shock serpent (shapeshifter) (Vaults:2)
  3 spriggan berserkers
  7 death yaks
  15 hell hogs
  2 titan skeletons
  5 sun demons
  3 large abominations (Elf:3)
  24 deep elf knights
  8 soul eaters
  A small abomination (Elf:3)
  16 hell knights
  3 iron golems
  2 iron trolls
  A fire crab (Zig:8)
  3 storm dragon zombies
  2 sea snakes (shapeshifter)
  A spark wasp zombie (Hell)
  2 golden dragon zombies
  3 sea snakes (Lair:6)
  A shadow wraith (Vaults:3)
  2 storm dragon skeletons
  A death drake (Zig:7)
  6 anaconda zombies
  62 skeletal warriors
  3 giant orange brains (Depths:1)
  6 unseen horrors
  An obsidian statue (Zig:9)
  A giant orange brain (shapeshifter) (Zig:9)
  An anaconda skeleton (Hell)
  2 ghost moth zombies (Coc:7)
  A lindwurm (shapeshifter) (Vaults:2)
  A death drake (shapeshifter) (Zig:11)
  5 wizards
  21 deep elf archers
  3 spriggan druids
  4 flayed ghosts
  12 hill giants
  Pikel (D:6)
  5 phantasmal warriors
  A swamp dragon (shapeshifter) (Zig:11)
  5 shambling mangroves
  2 swamp dragons
  3 shadow dragon zombies
  A golden dragon skeleton (Coc:4)
  33 orc knights
  29 deep trolls
  20 ironbrand convokers
  A harpy (shapeshifter) (Zig:11)
  2 mana vipers (shapeshifter)
  21 orb spiders
  13 harpies
  5 necromancers
  5 frost giant zombies
  A hornet (shapeshifter) (Zig:10)
  6 shining eyes
  73 deep elf magi
  2 manticores
  A tengu skeleton (Depths:1)
  A salamander (shapeshifter) (Vaults:5)
  A sphinx zombie (Zig:6)
  A cyclops (shapeshifter) (Depths:2)
  11 orc sorcerers
  9 cyclopes
  4 iron dragon zombies
  8 oklob plants (Zig:10)
  44 ugly things
  4 wolf spider zombies
  17 griffons
  11 hornets
  2 shadow dragon skeletons (Coc:7)
  3 stone giant zombies
  20 rust devils
  7 fire giant zombies
  2 moths of wrath (Spider:2)
  32 wolf spiders
  4 dire elephant zombies
  A stone giant skeleton (Coc:7)
  9 elephants
  5 black mambas
  A black mamba (shapeshifter) (Vaults:1)
  3 centaur zombies
  3 octopodes (shapeshifter)
  5 ice statues
  An eye of devastation (Slime:5)
  Joseph (D:10)
  A molten gargoyle (Desolation)
  An eye of devastation (shapeshifter) (Depths:4)
  5 guardian serpents (Desolation)
  3 torpor snails
  4 frost giant skeletons
  7 smoke demons (Hell)
  21 spiny frogs
  A white draconian zombie (Dis:3)
  6 fire giant skeletons
  3 gargoyles
  3 yaktaur zombies
  An emperor scorpion zombie (Coc:4)
  11 hellions
  2 rime drakes (Lair:6)
  16 vault sentinels
  A komodo dragon (shapeshifter) (Zig:11)
  21 tormentors
  45 freezing wraiths
  17 komodo dragons
  24 demonic crawlers
  53 ice devils
  72 yaktaurs
  7 hydra zombies
  A harpy zombie (Dis:4)
  2 tengu conjurers
  A polar bear (Lair:6)
  A polar bear (shapeshifter) (D:13)
  A jumping spider (shapeshifter) (Elf:1)
  11 red devils
  A queen bee (D:9)
  6 trolls
  A wind drake (Lair:6)
  4 giant leeches
  34 jumping spiders
  7 hydra skeletons
  A tengu simulacrum (Vaults:4)
  65 saltlings (Desolation)
  18 two-headed ogres
  12 boulder beetles
  A shadow dragon simulacrum (Vaults:3)
  24 blink frogs
  124 slime creatures
  6 spriggan zombies (Hell)
  2 fire dragon zombies
  2 raiju (shapeshifter)
  6 ettin zombies
  5 bog bodies
  A stone giant simulacrum (Vaults:2)
  A slime creature (shapeshifter) (Vaults:5)
  27 flying skulls
  4 ice dragon zombies
  4 alligator zombies
  A black mamba zombie (Dis:1)
  An ice dragon skeleton (Coc:7)
  15 water elementals
  41 tarantellas
  3 alligator skeletons
  An ettin skeleton (Dis:3)
  A vampire (D:14)
  8 air elementals
  A fire dragon skeleton (Coc:7)
  5 wyverns
  A centaur simulacrum (D:15)
  2 spriggan skeletons (Zig:6)
  89 redbacks
  14 spriggans
  7 wraiths
  15 shadows
  9 fire elementals
  2 ushabtiu
  59 yaks
  3 hogs (shapeshifter)
  3 basilisks
  4 hungry ghosts
  11 hippogriffs
  An elf simulacrum (Depths:1)
  A golden eye (shapeshifter) (Vaults:4)
  A steam dragon (shapeshifter) (Depths:4)
  5 golden eyes (Slime:5)
  An emperor scorpion simulacrum (Coc:4)
  31 vampire mosquitoes
  6 swamp worm simulacra (Swamp:4)
  9 insubstantial wisps
  5 mottled dragons
  2 human simulacra (Vaults:2)
  5 wargs
  Menkaure (D:7)
  23 swamp worms
  15 water moccasins
  14 hydra simulacra (Swamp:4)
  5 spiny frog zombies
  A hell hound (shapeshifter) (Vaults:4)
  38 hell hounds
  8 porcupines
  Duvessa (D:7)
  A giant eyeball (Depths:5)
  63 orc warriors
  3 slaves (D:6)
  6 swamp drakes
  3 sky beasts
  5 spiny frog skeletons
  2 black bears
  2 eyes of draining
  A swamp dragon zombie (Coc:4)
  27 wasps
  A fire dragon simulacrum (Coc:7)
  2 manticore zombies (Coc:7)
  A sky beast (shapeshifter) (Depths:2)
  2 snapping turtle zombies
  A deep troll simulacrum (Depths:1)
  An ice dragon simulacrum (Coc:7)
  15 ice beasts
  4 necrophages
  3 phantoms
  An alligator simulacrum (Hell)
  11 wolves (Lair:2)
  A snapping turtle skeleton (Coc:4)
  4 boggarts (Depths:1)
  48 ogres
  2 human skeletons
  22 centaurs
  19 crocodiles
  The ghost of Amnesiac the Changer, an amateur OpTm (D:3)
  A manticore skeleton (Coc:7)
  An elf zombie (Dis:1)
  13 giant frogs
  A glowing shapeshifter simulacrum (Vaults:2)
  2 earth elementals
  3 scorpions
  45 killer bees
  Dowan (D:7)
  A snapping turtle simulacrum (Coc:4)
  A howler monkey (D:11)
  77 wights
  4 electric eels
  16 crimson imps
  A wasp zombie (D:11)
  A giant frog zombie (D:5)
  A quasit (D:10)
  24 iron imps
  Crazy Yiuf (D:7)
  27 orc priests
  4 centaur skeletons
  14 hounds
  A human zombie (Dis:1)
  9 iguanas
  6 jellies
  A jelly (shapeshifter) (Vaults:3)
  Terence (D:2)
  5 giant frog skeletons
  Natasha (thrice) (D:3)
  28 orc wizards
  15 worker ants
  2 ogre zombies (Dis:2)
  A hound skeleton (D:5)
  A hound zombie (D:8)
  21 mummies
  10 adders
  45 river rats
  3 shadow imps
  39 white imps
  6 ufetubi
  An ooze (D:5)
  2 swamp drake simulacra (Swamp:4)
  An adder zombie (D:6)
  3 adder skeletons
  6 worms
  3 dart slugs
  8 giant geckos
  113 orcs
  4 giant cockroaches
  8 goblins
  5 hobgoblins
  12 jackals
  3 quokkas
  A ball python (D:6)
  7 bats
  6 frilled lizards
  A giant gecko skeleton (D:4)
  7 kobolds
  An orc zombie (Coc:7)
  2 quokka skeletons
  5 rats
  5 briar patches (Zig:7)
  4 crawling corpses (Elf:3)
  20 fungi
  3 plants
3489 creatures vanquished.

Vanquished Creatures (collateral kills)
  A saltling (Desolation)
1 creature vanquished.

Vanquished Creatures (others)
  Bai Suzhen (Vaults:2)
  A deep elf master archer (Elf:3)
  2 eldritch tentacles (Coc:7)
  A vault warden (Vaults:4)
  A ghost moth (Spider:3)
  An elemental wellspring (Coc:7)
  3 stone giants
  6 yaktaur captains
  2 centaur warriors
  A hydra (Swamp:4)
  An alligator (Zig:7)
  3 hell hogs
  A deep elf knight (Elf:3)
  3 deep elf archers
  An ironbrand convoker (Vaults:4)
  An orc knight (Zig:11)
  2 cyclopes (Vaults:2)
  26 yaktaurs
  A demonic crawler (Spider:3)
  A jumping spider (Spider:4)
  A two-headed ogre (Depths:2)
  A flying skull (Coc:7)
  A swamp worm (Swamp:4)
  An insubstantial wisp (Zig:7)
  A hell hound (Dis:3)
  2 orc warriors
  An ogre (Vaults:2)
  2 centaurs (Depths:1)
  2 white imps (IceCv)
  3 ufetubi (IceCv)
  An adder skeleton (D:6)
  6 briar patches (Zig:7)
  6 fungi
  15 plants
102 creatures vanquished.

Grand Total: 3592 creatures vanquished

Notes
Turn   | Place    | Note
-------+----------+-------------------------------------------
     0 | D:1      | Ijustatesigmund the Hill Orc Fighter began the quest for the Orb.
     0 | D:1      | Reached XP level 1. HP: 19/19 MP: 1/1
   277 | D:1      | Reached XP level 2. HP: 27/27 MP: 2/2
   807 | D:1      | Reached XP level 3. HP: 33/33 MP: 3/3
   941 | D:2      | Noticed Terence
   949 | D:2      | Killed Terence
   965 | D:2      | Reached XP level 4. HP: 27/41 MP: 4/4
  1743 | D:2      | Found a radiant altar of Vehumet.
  1836 | D:2      | Found a sacrificial altar of Ru.
  2041 | D:2      | Found an ancient bone altar of Kikubaaqudgha.
  2066 | D:2      | Found a hide-covered altar of Uskayaw.
  2232 | D:3      | Noticed Natasha
  2239 | D:3      | Killed Natasha
  2239 | D:3      | Reached skill level 5 in Axes
  2255 | D:3      | Noticed Amnesiac's ghost (amateur OpTm)
  2277 | D:3      | Killed Amnesiac's ghost
  2277 | D:3      | Reached skill level 5 in Fighting
  2277 | D:3      | Reached XP level 5. HP: 20/48 MP: 5/5
  2524 | D:3      | Found a glowing silver altar of Zin.
  2858 | D:3      | Noticed Natasha
  2874 | D:3      | Killed Natasha
  2874 | D:3      | Reached XP level 6. HP: 15/56 MP: 6/6
  3185 | D:3      | Noticed Natasha
  3192 | D:3      | Killed Natasha
  3752 | D:4      | Reached XP level 7. HP: 52/63 MP: 7/7
  3773 | D:4      | Found a staircase to the Ecumenical Temple.
  3799 | Temple   | Entered the Ecumenical Temple
  3931 | Temple   | Became a worshipper of Cheibriados the Contemplative
  4150 | D:4      | Found a glowing golden altar of the Shining One.
  4303 | D:4      | Reached skill level 1 in Invocations
  4313 | D:5      | Entered Level 5 of the Dungeon
  4363 | D:5      | Found Foavy's Assorted Antiques.
  4376 | D:5      | Bought a fuming red potion for 26 gold pieces
  4463 | D:5      | Found a shattered altar of Ashenzari.
  4809 | D:5      | Reached XP level 8. HP: 50/70 MP: 9/11
  4892 | D:5      | Reached * piety under Cheibriados
  4892 | D:5      | Reached skill level 5 in Armour
  5116 | D:5      | Reached skill level 5 in Invocations
  5715 | D:6      | Noticed Pikel
  5787 | D:6      | Killed Pikel
  5787 | D:6      | Reached XP level 9. HP: 52/75 MP: 12/14
  6085 | D:6      | Found a white marble altar of Elyvilon.
  6287 | D:5      | Bought a shimmering jade ring for 145 gold pieces
  6287 | D:5      | Identified the ring of Xoapnoed {Str+3 SInv} (You bought it in a shop on level 5 of the Dungeon)
  6548 | D:7      | Noticed Menkaure
  6555 | D:7      | Killed Menkaure
  6751 | D:7      | Found a hazy altar of Hepliaklqana.
  7170 | D:7      | Reached ** piety under Cheibriados
  7274 | D:7      | Found a runed door.
  7278 | D:7      | Noticed Crazy Yiuf
  7283 | D:7      | Killed Crazy Yiuf
  7317 | D:7      | Noticed a moth of wrath
  7320 | D:7      | Found a bloodstained altar of Trog.
  7713 | D:7      | Noticed Dowan
  7719 | D:7      | Killed Dowan
  7720 | D:7      | Noticed Duvessa
  7729 | D:7      | Killed Duvessa
  7734 | D:7      | Found a blossoming altar of Fedhas.
  8048 | D:8      | Reached skill level 10 in Invocations
  8523 | D:8      | Reached XP level 10. HP: 83/83 MP: 17/17
  8621 | D:8      | Reached *** piety under Cheibriados
  8678 | D:8      | Found a shimmering altar of Xom.
  8686 | D:8      | Learned a level 1 spell: Summon Butterflies
  8705 | D:8      | Found a stormy altar of Qazlal.
  8861 | D:9      | Reached skill level 1 in Summonings
  8871 | D:9      | Found a shadowy altar of Dithmenos.
  8934 | D:9      | Reached **** piety under Cheibriados
  9538 | D:10     | Entered Level 10 of the Dungeon
  9641 | D:10     | Noticed Joseph
  9672 | D:10     | Killed Joseph
  9672 | D:10     | Reached skill level 10 in Axes
  9717 | D:10     | Noticed a white ugly thing
  9723 | D:10     | Killed a white ugly thing
  9723 | D:10     | Reached XP level 11. HP: 62/95 MP: 19/19
  9751 | D:10     | Reached skill level 5 in Summonings
 10164 | D:10     | Reached ***** piety under Cheibriados
 10588 | D:11     | Noticed a cyclops
 10605 | D:11     | Killed a cyclops
 10703 | D:11     | Noticed an unseen horror
 10729 | D:11     | Killed an unseen horror
 10729 | D:11     | Reached skill level 10 in Fighting
 10793 | D:11     | Found a staircase to the Orcish Mines.
 10943 | D:11     | You fall through a shaft for 2 floors!
 10943 | D:13     | Noticed an unseen horror
 10953 | D:13     | Killed an unseen horror
 10989 | D:13     | Noticed a centaur warrior
 11008 | D:13     | Killed a centaur warrior
 11152 | D:13     | Reached XP level 12. HP: 66/108 MP: 20/20
 11226 | D:13     | Noticed a centaur warrior
 11229 | D:13     | Reached skill level 1 in Dodging
 11237 | D:13     | Killed a centaur warrior
 11430 | D:13     | Found a gate to the Vaults.
 11709 | D:11     | Noticed a centaur warrior
 11718 | D:11     | Killed a centaur warrior
 11718 | D:11     | Reached skill level 5 in Shields
 11961 | D:11     | Found a staircase to the Lair.
 11971 | Lair:1   | Entered Level 1 of the Lair of Beasts
 12258 | D:12     | Found a blossoming altar of Fedhas.
 13090 | D:13     | Reached ****** piety under Cheibriados
 13303 | D:13     | Reached XP level 13. HP: 77/118 MP: 21/21
 15150 | D:14     | Reached skill level 15 in Axes
 16291 | Lair:2   | Reached XP level 14. HP: 103/132 MP: 23/23
 17679 | Lair:3   | Found a hole to the Spider Nest.
 17762 | Lair:3   | Found a staircase to the Swamp.
 18295 | Lair:4   | Reached skill level 15 in Fighting
 18624 | Lair:4   | Reached skill level 1 in Throwing
 19260 | Lair:5   | Reached skill level 5 in Throwing
 19319 | Lair:5   | Found a viscous altar of Jiyva.
 19319 | Lair:5   | Found a staircase to the Slime Pits.
 19322 | Lair:5   | Reached skill level 1 in Evocations
 19604 | Lair:5   | Reached XP level 15. HP: 141/141 MP: 25/25
 19837 | Lair:6   | Entered Level 6 of the Lair of Beasts
 19949 | Lair:6   | Reached skill level 5 in Evocations
 20028 | Lair:6   | Found a labyrinth entrance.
 20039 | Lab      | Entered a labyrinth
 20362 | Lair:6   | Reached skill level 10 in Armour
 20671 | Lair:6   | Got a shimmering shield
 20682 | Lair:6   | Identified the +5 shield of Pandemonium {Str+4 Int+3} (You found it on level 6 of the Lair of Beasts)
 21248 | Lair:6   | Upgraded the game from 0.19-a0-1490-g5dd3618 to 0.19-a0-1493-gd0fcaa6
 21459 | Orc:1    | Entered Level 1 of the Orcish Mines
 21466 | Orc:1    | Reached skill level 5 in Dodging
 21773 | Orc:2    | Entered Level 2 of the Orcish Mines
 21826 | Orc:2    | Found a dark tunnel.
 21835 | Volcano  | Entered a volcano
 21967 | Orc:1    | Noticed Fannar
 21991 | Orc:1    | Killed Fannar
 22111 | Orc:2    | Found a staircase to the Elven Halls.
 22225 | Orc:2    | Found a roughly hewn altar of Beogh.
 22654 | Orc:2    | Gained mutation: Potions and wands are less effective at restoring your health. [a neqoxec]
 22707 | Orc:2    | Reached XP level 16. HP: 58/149 MP: 26/26
 22848 | Orc:2    | Found Botepefi's Distillery.
 22848 | Orc:2    | Found Fodic's Distillery.
 22850 | Orc:2    | Found Jabbups's Weapon Emporium.
 22850 | Orc:2    | Found Duaseg's Weapon Boutique.
 22867 | Orc:2    | Bought 2 potions of heal wounds for 130 gold pieces
 22867 | Orc:2    | Bought 2 potions of heal wounds for 130 gold pieces
 22867 | Orc:2    | Bought a potion of degeneration for 13 gold pieces
 22873 | Orc:2    | Bought 2 potions of heal wounds for 140 gold pieces
 22873 | Orc:2    | Bought a potion of heal wounds for 70 gold pieces
 22873 | Orc:2    | Bought a potion of heal wounds for 70 gold pieces
 22873 | Orc:2    | Bought a potion of heal wounds for 70 gold pieces
 22873 | Orc:2    | Bought a potion of heal wounds for 70 gold pieces
 23047 | D:15     | Entered Level 15 of the Dungeon
 23076 | D:15     | Found a staircase to the Depths.
 23262 | D:15     | Got a ruby-encrusted ring mail
 23283 | D:15     | Identified the +3 ring mail of Hopscotch {rC+ MR++ Dex-2} (You found it on level 15 of the Dungeon)
 23404 | D:15     | Found an opulent altar of Gozag.
 24590 | Spider:1 | Entered Level 1 of the Spider Nest
 24679 | Spider:1 | Reached skill level 10 in Shields
 24700 | Spider:1 | Noticed Roxanne
 24718 | Spider:1 | Noticed Nikola
 24727 | Spider:1 | Killed Nikola
 25350 | Spider:1 | Killed Roxanne
 25351 | Spider:1 | Identified Roxanne's Grimoire of Changing (You took it off Roxanne on level 1 of the Spider Nest)
 25663 | Spider:1 | Got a pair of crude gloves
 25669 | Spider:1 | Identified the cursed +0 pair of gloves of the Prince of Darkness {rF+ Dex+2 Slay-3} (You took it off Nikola on level 1 of the Spider Nest)
 26648 | Spider:2 | Reached XP level 17. HP: 152/156 MP: 27/27
 26841 | Spider:2 | Got a crystal war axe
 26842 | Spider:2 | Identified the cursed +3 war axe of Wyrd {chop, rPois rF- Dex+4} (You found it on level 2 of the Spider Nest)
 28051 | Spider:3 | Noticed Charly's ghost (journeyman DEFE)
 28071 | Spider:3 | Killed Charly's ghost
 29277 | Spider:4 | Entered Level 4 of the Spider Nest
 29277 | Spider:4 | Noticed Arachne
 29309 | Spider:4 | Killed Arachne
 29961 | Spider:4 | Reached XP level 18. HP: 163/163 MP: 28/28
 30666 | Spider:4 | Got a gossamer rune of Zot
 31154 | Lair:1   | Learned a level 2 spell: Passwall
 31275 | Vaults:1 | Entered Level 1 of the Vaults
 31412 | Vaults:1 | Noticed Saint Roka
 31438 | Vaults:1 | Killed Saint Roka
 31438 | Vaults:1 | Reached skill level 1 in Transmutations
 31438 | Vaults:1 | Reached skill level 1 in Earth Magic
 31572 | Vaults:1 | Found a bloodstained altar of Trog.
 31805 | Vaults:1 | Noticed Jorgrun
 31838 | Vaults:1 | Killed Jorgrun
 32353 | Vaults:1 | Noticed Asterion
 32440 | Vaults:1 | Killed Asterion
 32492 | Vaults:1 | Found Kiogussu's Assorted Antiques.
 32498 | Vaults:1 | Bought a white potion for 17 gold pieces
 32498 | Vaults:1 | Bought an embroidered cloak for 85 gold pieces
 32845 | Vaults:1 | Reached XP level 19. HP: 76/172 MP: 24/29
 33048 | Vaults:1 | Noticed Donald
 33076 | Vaults:1 | Killed Donald
 33077 | Vaults:1 | HP: 5/173 [vault guard/bardiche[a vault warden] (16)]
 33079 | Vaults:1 | HP: 1/173 [vault guard/bardiche[a vault warden] (7)]
 33846 | Vaults:2 | Found Kunad's Antique Weapon Emporium.
 33871 | Vaults:2 | Noticed a bone dragon
 33884 | Vaults:2 | Killed a bone dragon
 33896 | Vaults:2 | Found a staircase to the Crypt.
 33983 | Vaults:2 | Found a ruined gateway.
 34008 | Desolati | Entered the Desolation of Salt
 34182 | Desolati | Got a faintly humming chain mail
 34184 | Desolati | Got a smoking glass ring
 34187 | Desolati | Got a twitching golden ring
 34191 | Desolati | Identified the ring of Aharuigue {rC+ Int+8 Slay+2} (You found it in the Desolation of Salt)
 34193 | Desolati | Identified the ring of Qeivaw {rC++ Int-5 SInv} (You found it in the Desolation of Salt)
 34195 | Desolati | Identified the Grimoire of the Poisonous Volcanoes
 34200 | Desolati | Got a clouded copper ring
 34202 | Desolati | Identified the ring "Veluis" {Str+2 Dex+3 Stlth+} (You found it in the Desolation of Salt)
 34232 | Desolati | Identified the +1 chain mail of the Jabberwock {Slay+3} (You found it in the Desolation of Salt)
 34438 | Desolati | Identified the Grimoire of Arcane Weapons
 34454 | Desolati | Got a pair of fine boots
 34460 | Desolati | Identified the +0 pair of boots of the Shoals {rF+ rC+ Stlth+} (You found it in the Desolation of Salt)
 34462 | Desolati | Identified the Papyrus of the Oath and Translocation
 34468 | Desolati | Learned a level 3 spell: Summon Guardian Golem
 34531 | Desolati | Reached skill level 1 in Hexes
 34892 | Desolati | Reached skill level 5 in Hexes
 34904 | Desolati | Reached XP level 20. HP: 178/184 MP: 31/31
 35534 | Desolati | Got a heavily runed shadow dragon armour
 35554 | Desolati | Got a glittering copper amulet
 35565 | Desolati | Identified the amulet of Such {Reflect MP+9 Dex+7 SH+4 Stlth-} (You found it in the Desolation of Salt)
 35567 | Desolati | Identified the Reference Book on Earthen Sinister Arts
 35582 | Desolati | Learned a level 3 spell: Dazzling Spray
 35585 | Desolati | Identified the Volume of Toxins and Ignition
 35707 | Desolati | Identified the cursed +0 shadow dragon armour of Jesiqoif {Dex+4 Stlth++++} (You took it off a servant of whispers in the Desolation of Salt)
 35828 | Vaults:2 | Reached skill level 1 in Stealth
 36212 | Vaults:2 | Reached skill level 1 in Conjurations
 36704 | Lair:1   | Learned a level 2 spell: Ensorcelled Hibernation
 36793 | Swamp:1  | Entered Level 1 of the Swamp
 37607 | Swamp:2  | Noticed Frances
 37668 | Swamp:2  | Found a frozen archway.
 37681 | IceCv    | Entered an ice cave
 38403 | Swamp:2  | Reached skill level 5 in Stealth
 38633 | Swamp:2  | Killed Frances
 39177 | Swamp:3  | Reached skill level 5 in Conjurations
 40285 | Swamp:4  | Entered Level 4 of the Swamp
 40296 | Swamp:4  | Reached skill level 1 in Ice Magic
 40297 | Swamp:4  | Noticed Nattefrost's ghost (adept OgBe)
 40332 | Swamp:4  | Killed Nattefrost's ghost
 40332 | Swamp:4  | Reached XP level 21. HP: 94/191 MP: 32/32
 40343 | Swamp:4  | Learned a level 4 spell: Fulminant Prism
 41353 | Swamp:4  | Got a decaying rune of Zot
 41701 | Elf:1    | Entered Level 1 of the Elven Halls
 41729 | Elf:1    | Got a pitted tin ring
 41731 | Elf:1    | Identified the ring of the Turtledove {rElec rN+} (You found it on level 1 of the Elven Halls)
 42166 | Elf:1    | Noticed Aizul
 42184 | Elf:1    | Found Hotopry's Antique Armour Emporium.
 42189 | Elf:1    | Bought a runed helmet for 144 gold pieces
 42364 | Elf:1    | Reached skill level 5 in Ice Magic
 42837 | Elf:1    | Killed Aizul
 43072 | Elf:1    | Reached skill level 10 in Dodging
 43317 | Elf:1    | Lost mutation: Potions and wands are less effective at restoring your health. [potion of cure mutation]
 43528 | Elf:2    | Found a huge runed gate.
 43528 | Elf:2    | Found a huge runed gate.
 43528 | Elf:2    | Found a huge runed gate.
 44669 | Elf:3    | Entered Level 3 of the Elven Halls
 44669 | Elf:3    | Found Jokuem's Antique Armour Boutique.
 44679 | Elf:3    | Bought a spiked plate armour for 1036 gold pieces
 44699 | Elf:2    | Identified the +1 plate armour of the Endless Expanse {rF+ Int+5 Dex-4 SInv} (You bought it in a shop on level 3 of the Elven Halls)
 45056 | Elf:3    | Reached XP level 22. HP: 199/199 MP: 33/33
 45587 | Elf:3    | Reached skill level 15 in Invocations
 46111 | Elf:3    | Got a brightly glowing golden ring
 46115 | Elf:3    | Got a heavily runed amber ring
 46150 | Elf:3    | Identified the ring "Fegraxkomi" {*Drain rC+ Int+4 Dex+6 Stlth+} (You took it off a deep elf demonologist on level 3 of the Elven Halls)
 46153 | Elf:3    | Identified the ring "Woashiur" {rN+ Str+4} (You took it off a deep elf archer on level 3 of the Elven Halls)
 46167 | Elf:3    | Identified the Compendium of Blistering Protection
 46203 | Elf:3    | Got a twitching silver amulet
 46204 | Elf:3    | Identified the amulet of Widile {RegenMP Int+7} (You found it on level 3 of the Elven Halls)
 46243 | Elf:3    | Identified the cursed +0 pair of boots "Deopue" {+Blink Slay+2} (You found it on level 3 of the Elven Halls)
 46305 | Elf:3    | Identified the amulet "Cikimur" {+Rage Int+5} (You found it on level 3 of the Elven Halls)
 46408 | Elf:3    | Learned a level 1 spell: Apportation
 46412 | Elf:3    | Learned a level 3 spell: Vampiric Draining
 47394 | Vaults:2 | Noticed Bai Suzhen
 47407 | Vaults:2 | Killed Bai Suzhen
 47407 | Vaults:2 | Reached skill level 5 in Transmutations
 48027 | Vaults:2 | Reached XP level 23. HP: 205/205 MP: 35/35
 48706 | Vaults:3 | Noticed Boris
 48723 | Vaults:3 | Killed Boris
 49062 | Vaults:3 | Found a roughly hewn altar of Beogh.
 49067 | Vaults:3 | Reached skill level 1 in Translocations
 49756 | Vaults:4 | Found Pycem's Armour Emporium.
 50452 | Vaults:4 | Noticed Sojobo
 50488 | Vaults:4 | Killed Sojobo
 50671 | Vaults:4 | Found Ydwis Deq's Antique Armour Shoppe.
 50761 | Vaults:4 | Found Enaanwea's Book Shop.
 50892 | Vaults:4 | Reached XP level 24. HP: 194/216 MP: 35/35
 51281 | Vaults:5 | Entered Level 5 of the Vaults
 51286 | Vaults:5 | Reached skill level 5 in Translocations
 51724 | Vaults:5 | Noticed Boris
 53011 | Vaults:5 | Identified the Grimoire of Cloudy Summoning
 53017 | Vaults:5 | Learned a level 3 spell: Mephitic Cloud
 53956 | Vaults:5 | Reached XP level 25. HP: 227/227 MP: 36/36
 54061 | Vaults:5 | Got a faintly glowing glass ring
 54062 | Vaults:5 | Identified the ring "Isyots" {*Corrode rPois rN+ MP+9 Str+4} (You took it off an ironheart preserver on level 5 of the Vaults)
 54327 | Vaults:5 | Killed Boris
 54347 | Vaults:5 | Got a silver rune of Zot
 55229 | Elf:3    | Bought a glowing crystal plate armour for 2960 gold pieces
 55621 | Depths:1 | Entered Level 1 of the Depths
 55759 | Depths:1 | Paralysed by a great orb of eyes for 5 turns
 55978 | Depths:1 | You fall through a shaft!
 56632 | Depths:1 | Noticed the Enchantress
 56648 | Depths:1 | Killed the Enchantress
 56653 | Depths:1 | Got a faerie dragon armour
 56654 | Depths:1 | Identified the +5 faerie dragon armour {rN+ Str+2} (You took it off the Enchantress on level 1 of the Depths)
 57271 | Depths:1 | Found a gateway to Hell.
 57468 | Depths:2 | Got an ancient broad axe {venom}
 57470 | Depths:2 | Identified the +11 broad axe "Hirchaph" {venom, Str+2} (You took it off a spriggan air mage on level 2 of the Depths)
 57642 | Depths:2 | Identified a scroll of acquirement
 57642 | Depths:2 | Identified the Grimoire of Companions and Clay (You acquired it on level 2 of the Depths)
 57910 | Depths:2 | Reached XP level 26. HP: 230/240 MP: 36/36
 58711 | Depths:3 | Paralysed by a lich for 4 turns
 58735 | Depths:4 | Identified the Collected Works on the Ashen Snowflakes
 58785 | Depths:4 | Got a vibrating graven amulet
 58814 | Depths:4 | Found a one-way gate to the infinite horrors of the Abyss.
 58843 | Depths:3 | Reached skill level 15 in Shields
 59247 | Depths:3 | Found Bujolear's Distillery.
 59256 | Depths:3 | Bought a potion of heal wounds for 115 gold pieces
 59256 | Depths:3 | Bought a potion of heal wounds for 115 gold pieces
 59565 | Depths:3 | Found a one-way gate leading to the halls of Pandemonium.
 59598 | Depths:3 | Found a gateway to a ziggurat.
 59607 | Zig:1    | Entered Level 1 of a ziggurat
 60328 | Zig:2    | Entered Level 2 of a ziggurat
 60328 | Zig:2    | Noticed a greater mummy
 60339 | Zig:2    | Killed a greater mummy
 60361 | Zig:3    | Entered Level 3 of a ziggurat
 60386 | Zig:3    | Got a clouded steel ring
 60390 | Zig:3    | Identified the amulet "Garrir" {Gourm +Fly rElec rC- Stlth+} (You found it on level 4 of the Depths)
 60392 | Zig:3    | Identified the ring "Baxiphoj" {rPois rF+ MR+} (You found it on level 3 of a ziggurat)
 60395 | Zig:4    | Entered Level 4 of a ziggurat
 60641 | Zig:5    | Entered Level 5 of a ziggurat
 60834 | Zig:5    | Learned a level 2 spell: Blink
 60848 | Zig:6    | Entered Level 6 of a ziggurat
 61065 | Zig:7    | Entered Level 7 of a ziggurat
 61098 | Zig:7    | Identified Sif Muna's Catalogue of Shape Shifting
 61123 | Zig:7    | Learned a level 3 spell: Ignite Poison
 61294 | Zig:8    | Entered Level 8 of a ziggurat
 61320 | Zig:8    | Reached skill level 1 in Fire Magic
 61320 | Zig:8    | Reached skill level 1 in Poison Magic
 61353 | Zig:8    | Identified Gats's Incunabulum of Unstable Flight (You acquired it on level 8 of a ziggurat)
 61394 | Zig:9    | Entered Level 9 of a ziggurat
 61412 | Zig:9    | Reached XP level 27. HP: 234/250 MP: 36/36
 61559 | Zig:10   | Entered Level 10 of a ziggurat
 61575 | Zig:10   | Reached skill level 5 in Fire Magic
 61967 | Zig:10   | Reached skill level 10 in Stealth
 62042 | Zig:11   | Entered Level 11 of a ziggurat
 62069 | Zig:11   | Reached skill level 5 in Poison Magic
 62674 | Depths:3 | Noticed a juggernaut
 62686 | Depths:3 | Killed a juggernaut
 62775 | Depths:3 | Got a jewelled hand crossbow
 62776 | Depths:3 | Identified the cursed +2 hand crossbow "Qehok" {flame, rF+ Str+4} (You found it on level 3 of the Depths)
 62780 | Depths:3 | Gained mutation: Your system is resistant to poisons. (rPois) [potion of mutation]
 62780 | Depths:3 | Gained mutation: You are surrounded by a mild repulsion field. (EV +2) [potion of mutation]
 62780 | Depths:3 | Gained mutation: Your muscles are strong. (Str +2) [potion of mutation]
 62916 | Depths:4 | Reached skill level 1 in Air Magic
 63347 | Depths:4 | Noticed Slobodan's ghost (master KoAs)
 63361 | Depths:4 | Killed Slobodan's ghost
 64018 | Hell     | Entered the Vestibule of Hell
 64018 | Hell     | Noticed Geryon
 64327 | Hell     | Killed Geryon
 64365 | Hell     | Noticed an ancient lich
 64602 | Depths:4 | Upgraded the game from 0.19-a0-1493-gd0fcaa6 to 0.19-a0-1532-g228a5d9
 64641 | Depths:4 | Killed an ancient lich
 64700 | Hell     | Reached skill level 5 in Air Magic
 64726 | Hell     | Reached skill level 1 in Spellcasting
 65126 | Hell     | Found a gateway to the freezing wastes of Cocytus.
 65227 | Hell     | Found a gateway to the Iron City of Dis.
 65282 | Hell     | Found a gateway to the ashen valley of Gehenna.
 65435 | Hell     | Found a gateway to the decaying netherworld of Tartarus.
 65568 | Coc:1    | Entered Level 1 of Cocytus
 66011 | Coc:4    | Reached skill level 10 in Conjurations
 66313 | Coc:7    | Entered Level 7 of Cocytus
 66976 | Coc:7    | Identified the Incunabulum of the Traveller and Confrontation
 67090 | Coc:7    | Noticed Antaeus
 67096 | Coc:7    | HP: 6/259 [Antaeus (12)]
 67621 | Coc:7    | Got a scorched lead ring
 67626 | Coc:7    | Got a translucent tin ring
 67653 | Coc:7    | Identified the ring of Birdsong {Ice rPois Str-3 SInv} (You found it on level 7 of Cocytus)
 67654 | Coc:7    | Identified the ring "Wiungodi" {Str+2 Int+2 Slay-4 Stlth+} (You found it on level 7 of Cocytus)
 67957 | Coc:7    | Lost mutation: Your muscles are strong. (Str +2) [mutagenic glow]
 68174 | Coc:7    | Upgraded the game from 0.19-a0-1532-g228a5d9 to 0.19-a0-1553-g64c24c3
 69371 | Depths:4 | Got a flickering copper amulet
 69386 | Depths:4 | Identified an amulet of the Firefly {Spirit rN+} (You took it off a hell knight on level 4 of the Depths)
 69544 | Depths:5 | Entered Level 5 of the Depths
 69635 | Depths:5 | Found a gate to the Realm of Zot.
 70400 | Depths:5 | Noticed Jory
 70420 | Depths:5 | Killed Jory
 70454 | Depths:5 | Noticed a juggernaut
 70459 | Depths:5 | Killed a juggernaut
 70993 | Depths:2 | Reached skill level 15 in Armour
 71394 | Slime:1  | Entered Level 1 of the Pits of Slime
 71558 | Slime:5  | Entered Level 5 of the Pits of Slime
 71602 | Slime:4  | Gained mutation: You are weak. (Str -2) [a shining eye]
 71604 | Slime:4  | Gained mutation: Your spells are a little harder to cast, but a little more powerful. [a shining eye]
 71610 | Slime:4  | Gained mutation: You are frail. (-10% HP) [a shining eye]
 71629 | Slime:5  | Noticed 4thArraOfDagon's ghost (adept TrIE)
 71650 | Slime:5  | Killed 4thArraOfDagon's ghost
 72017 | Slime:5  | Noticed the Royal Jelly
 72019 | Slime:5  | Lost mutation: Your spells are a little harder to cast, but a little more powerful. [potion of cure mutation]
 72019 | Slime:5  | Lost mutation: You are weak. (Str -2) [potion of cure mutation]
 72019 | Slime:5  | Lost mutation: You are frail. (-10% HP) [potion of cure mutation]
 72019 | Slime:5  | Lost mutation: Your system is resistant to poisons. (rPois) [potion of cure mutation]
 72022 | Slime:5  | Found a viscous altar of Jiyva.
 72040 | Slime:5  | Killed the Royal Jelly
 72426 | Slime:5  | Gained mutation: Your magical capacity is low. (-10% MP) [a shining eye]
 72856 | Slime:5  | Got a slimy rune of Zot
 72887 | Slime:5  | Identified Sif Muna's Collected Works on Unstable Weightlessness
 72890 | Slime:5  | Identified the Collected Works on the Birds and Clay
 72899 | Slime:5  | Learned a level 6 spell: Freezing Cloud
 72971 | Slime:5  | Got a crude helmet
 72972 | Slime:5  | Identified the +0 helmet "Cemubu" {Regen+ Str+3 Stlth+} (You found it on level 5 of the Pits of Slime)
 73189 | Lair:1   | Learned a level 5 spell: Bolt of Magma
 73491 | Dis:1    | Entered Level 1 of the Iron City of Dis
 74237 | Dis:1    | Reached skill level 5 in Earth Magic
 74301 | Dis:1    | Reached skill level 5 in Spellcasting
 74954 | Dis:2    | Reached skill level 10 in Ice Magic
 75717 | Dis:3    | Gained mutation: You are clumsy. (Dex -2) [a cacodemon]
 76199 | Dis:3    | Gained mutation: Your magical capacity is very low. (-20% MP) [a cacodemon]
 76200 | Dis:3    | Reached skill level 10 in Fire Magic
 77019 | Dis:4    | Slain by an eldritch tentacle

Vault maps used:
D:1:      dpeg_arrival_simpleton_c
D:2:      marbit_many_paths, lemuel_coloured_pillars_altar,
          nicolae_ru_sacrificial_ziggurat, minmay_misc_feat_rugged,
          roderic_lattice_a, grunt_ministairs_2, lemuel_tele_altar, uniq_terence
D:3:      overflow_temple_1_default, uniq_natasha
D:4:      nicolae_tso_swordbearing_angel
D:5:      ashenzari_altar_1, serial_shops, nicolae_shop_overgrown_old_shop,
          first_bread
D:6:      elyvilon_altar_3, uniq_pikel
D:7:      fedhas_altar_4, tgw_trog, kennysheep_little_box, serial_glass,
          glass_columns_c, glass_columns_a, grunt_ogre_cave,
          uniq_crazy_yiuf_cottage, uniq_menkaure, uniq_duvessa
D:8:      lemuel_round_altar, grunt_qazlal_clouds, minmay_tree_intersection
D:9:      grunt_dithmenos_smoke_and_mirrors, special_room
D:10:     uniq_joseph
D:11:     lair_0_dummy, orc_0_dummy
D:12:     basic_altar
D:13:     erik_vaults_1
D:14:     serial_co_window_serial, co_window_corner_a, co_window_corner_a,
          co_window_paths_a, co_window_corner_a, co_window_paths_a,
          co_window_of_opportunity_a, co_window_paths_b, co_window_broadway_c,
          co_window_unsneaky_path_d, co_window_corner_cb, co_window_paths_c,
          co_window_unsneaky_path_c, co_window_paths_c, co_window_2corner,
          glass_columns_c, glass_columns_b, glass_columns_c
D:15:     grunt_enter_depths_giant_problem, nicolae_gozag_seed_capital,
          serial_co_window_serial, co_window_paths_a, co_window_corner_a,
          co_window_corner_a, co_window_corner_a, co_window_corner_a,
          co_window_of_opportunity_b, co_window_broadway_b, co_window_cross_4
Temple:   grunt_temple_mini_profane
Lair:1:   minmay_hedge_maze, grunt_megastairs_1
Lair:2:   beast_lair_carwin_large_3, ice2_lemuel, grunt_megastairs_4
Lair:3:   nicolae_swamp_entry_splash_gauntlet, spider_nest_entry_funnel_web,
          serial_bayou_shore_a
Lair:4:   serial_bayou_shore_b
Lair:5:   slime_altar_1, infiniplex_staircase_pool
Lair:6:   gammafunk_lair_ancient_temple, lab_entry_generic
Swamp:1:  evilmike_swamp_ruin_rubble_1
Swamp:2:  portal_ice_cave_entry_dragon, evilmike_swamp_ruin_house_1,
          uniq_frances
Swamp:3:  evilmike_swamp_ruin_house_2, swamp_pool1
Swamp:4:  swamp_icy
Spider:1: uniq_roxanne, uniq_nikola
Spider:3: spider_trap
Spider:4: grunt_spider_rune_island, spider_trap, uniq_arachne
Orc:1:    uniq_fannar
Orc:2:    grunt_orc_tribal_feast, enter_volcano_2, mines2_david
Elf:1:    eino_elf_arrival_customs, serial_shops, shop, evilmike_minifort,
          grunt_ministairs_8, einodemon_crawler_minivault, uniq_aizul
Elf:3:    minmay_elf_hall_not_hex, serial_shops, shop_fountains
Vaults:1: nicolae_vaults_specimen_jars, nicolae_vaults_asterisk,
          vaults_room_hallway, v_misc_9, vaults_room_pools,
          hangedman_vaults_stitches, nicolae_vaults_circle_grid_a, st_check,
          hangedman_vaults_corner, vaults_dpeg_encased_lava,
          ontoclasm_vaults_decontamination, v_pattern_4, v_alt_pattern_3,
          hangedman_vaults_slither, hangedman_vaults_cutoff,
          ontoclasm_vaults_shuriken, serial_shops,
          nicolae_shop_overgrown_old_shop, basic_altar, uniq_donald,
          uniq_asterion, uniq_saint_roka, uniq_jorgrun
Vaults:2: v_misc_18, v_misc_22, nicolae_vaults_border_crossing,
          vaults_room_large_hall, vaults_mumra_minichess, grunt_vaults_focal,
          v_misc_29, minmay_crypt_entry_nasty_monster, ontoclasm_vaults_tryst,
          grunt_vaults_hallway_long, vaults_dpeg_spiral, vaults_room_hallway,
          grunt_vaults_funnel, serial_shops, shop,
          portal_desolation_entry_twin_temple, uniq_bai_suzhen
Vaults:3: hangedman_vaults_unwind, v_alt_pattern_2, ontoclasm_vaults_ring_small,
          v_pattern_5, ontoclasm_vaults_fault, hangedman_vaults_corner_blocks,
          hangedman_vaults_capsules, nicolae_vaults_little_squares_1,
          special_room_vaults, uniq_boris
Vaults:4: ontoclasm_vaults_twist, hangedman_vaults_slice, ontoclasm_vaults_eye,
          vaults_room_corners, v_misc_30, v_misc_16, v_alt_pattern_1,
          vaults_room_fancy_cross, v_misc_3, nicolae_vaults_network_square,
          nicolae_vaults_little_squares_1, vaults_mumra_lcd,
          nicolae_vaults_theta, vaults_dpeg_diagonal, serial_ice_g,
          serial_shops, shop, nicolae_shop_window_shopping,
          nicolae_shop_overgrown_old_shop, uniq_sojobo
Vaults:5: serial_shops, uniq_boris
Depths:1: hex_medium, hell_entry, kennysheep_small_spiral, minmay_three_doors,
          uniq_enchantress
Depths:2: hangedman_cross_cluster, hell_entry, hangedman_abyss_or_decor_slice
Depths:3: kennysheep_funnel, enter_ziggurat_e, rand_demon_pan_entry_4,
          abyss_entry, serial_shops, nicolae_shop_crystal, lightli_too_deep,
          serial_sigils_hangedman_stare
Depths:4: minmay_stepped, hangedman_coc_ice_floe, abyss_entry, pan_entry,
          st_stairs_10, kennysheep_nondecorative_pillar
Depths:5: evilmike_zot_entry_argh, minmay_misc_feat_doors, hangedman_geh_valley,
          abyss_entry_crystal, hangedman_glass_teeth, uniq_jory
Dis:4:    nicolae_dis_lava_storage_tank
Coc:7:    coc_mu
Zig:5:    ziggurat_pillar_centre_dead_trees
Zig:10:   ziggurat_pillar_centre_oklobs
Lab:      labyrinth_spiral, nicolae_lab_do_over, nicolae_lab_flowing_pool,
          nicolae_lab_dead_end, labyrinth_skeletal_remains,
          nicolae_lab_very_dead_end, lab_fountain, nicolae_lab_swirl,
          nicolae_lab_grate, nicolae_lab_stuck, nicolae_lab_arrow
IceCv:    ice_cave_small_demon
Volcano:  volcano_caves

Skill      XL: |  1  2  3  4  5  6  7  8  9 10 11 12 13 14 15 16 17 18 19 20 21 22 23 24 25 26 27 |
---------------+----------------------------------------------------------------------------------+-----
Axes           | 3 4 6 8 10 12 13 15 16 18 19 20 21 22 23 24 | 24.2
Fighting       | 4 5 6 8 10 12 14 15 16 17 19 20 21 24 | 24.8
Invocations    | 4 7 10 11 12 13 14 17 19 | 19.5
Armour         | 4 7 9 11 13 14 16 | 16.2
Summonings     | 4 7 |  7.6
Dodging        | 4 5 7 8 11 13 | 13.1
Shields        | 6 8 10 12 13 14 15 17 | 17.4
Throwing       | 5 7 9 |  9.0
Evocations     | 2 7 9 |  9.6
Transmutations | 4 6 8 |  8.8
Earth Magic    | 4 7 |  7.5
Hexes          | 5 8 |  8.5
Stealth        | 6 7 9 10 | 10.6
Conjurations   | 6 11 | 11.6
Ice Magic      | 2 8 9 11 | 11.1
Translocations | 4 7 8 |  8.3
Fire Magic     | 3 10 | 10.2
Poison Magic   | 3 8 |  8.1
Air Magic      | 8 |  8.4
Spellcasting   | 6 |  6.6

Action                   |  1- 3 |  4- 6 |  7- 9 | 10-12 | 13-15 | 16-18 | 19-21 | 22-24 | 25-27 || total
-------------------------+-------+-------+-------+-------+-------+-------+-------+-------+-------++-------
Melee: War axe           |    76 |   246 |   348 |   582 |  1141 |  1318 |   250 |       |       ||  3961
       Flail             |       |       |       |       |    91 |    17 |       |       |       ||   108
       Broad axe         |       |       |       |       |       |       |  1405 |  1342 |  3390 ||  6137
Throw: Javelin           |       |       |     6 |     6 |    29 |    68 |     7 |    14 |    14 ||   144
 Cast: Summon Butterflie |       |       |       |       |     1 |     3 |     2 |       |     3 ||     9
       Summon Guardian G |       |       |       |       |       |       |     4 |     1 |     4 ||     9
       Passwall          |       |       |       |       |       |       |     1 |       |       ||     1
       Blink             |       |       |       |       |       |       |       |       |     2 ||     2
       Bolt of Magma     |       |       |       |       |       |       |       |       |     1 ||     1
       Freezing Cloud    |       |       |       |       |       |       |       |       |     1 ||     1
       Dazzling Spray    |       |       |       |       |       |       |       |       |     1 ||     1
Invok: Slouch            |       |       |       |     3 |     3 |     7 |     8 |     6 |    14 ||    41
       Temporal Distorti |       |       |       |     1 |       |       |       |       |       ||     1
       Bend Time         |       |       |       |       |       |     1 |       |       |       ||     1
       Step From Time    |       |       |       |       |       |       |     1 |       |       ||     1
 Abil: Evoke Blink       |       |       |       |       |       |       |       |     1 |     4 ||     5
Evoke: Wand              |       |       |       |     4 |     1 |     1 |     9 |     9 |    35 ||    59
       Phantom mirror    |       |       |       |       |       |       |       |       |     1 ||     1
  Use: Potion            |       |     3 |     2 |     1 |     1 |     8 |    12 |     5 |    34 ||    66
       Scroll            |       |     8 |    11 |     5 |    17 |    12 |    15 |    13 |    49 ||   130
 Stab: Sleeping          |       |       |       |       |       |     3 |    20 |     4 |    40 ||    67
       Distracted        |       |       |       |       |       |     1 |     9 |     2 |    33 ||    45
       Invisible         |       |       |       |       |       |       |       |     4 |     7 ||    11
       Petrified         |       |       |       |       |       |       |       |       |     6 ||     6
       Confused          |       |       |       |       |       |       |       |       |     1 ||     1
  Eat: Chunk             |       |    10 |     9 |     7 |    12 |     1 |     8 |       |       ||    47
       Fruit             |       |       |     2 |       |     8 |     1 |     3 |       |     4 ||    18
       Meat ration       |       |       |     1 |       |       |       |       |       |       ||     1
       Beef jerky        |       |       |       |     2 |       |    11 |     1 |       |     4 ||    18
       Pizza             |       |       |       |       |     4 |     1 |     1 |     2 |     4 ||    12
       Royal jelly       |       |       |       |       |       |       |     5 |    11 |     8 ||    24
       Bread ration      |       |       |       |       |       |       |       |       |     3 ||     3
Armor: Scale mail        |    40 |    53 |       |       |       |       |       |       |       ||    93
       Chain mail        |       |    75 |   141 |   249 |   454 |   161 |    69 |       |       ||  1149
       Plate armour      |       |       |       |       |    26 |   182 |       |   161 |       ||   369
       Ring mail         |       |       |       |       |       |   129 |    93 |    13 |       ||   235
       Shadow dragon arm |       |       |       |       |       |       |   128 |    48 |   409 ||   585
       Mottled dragon ar |       |       |       |       |       |       |       |       |   192 ||   192
Dodge: Dodged            |    24 |    56 |    54 |   163 |   458 |   631 |   555 |   445 |  1490 ||  3876
Block: Shield            |    42 |   120 |   135 |   413 |   929 |  1451 |  1619 |  1417 |  3615 ||  9741
       Reflection        |       |       |       |       |       |       |    56 |   173 |   169 ||   398
